General information
- name: BNet
- type: Ladder team game (AT/RT)
- host: Battle.net
- saver: BRUCEWILLISUSA
map: FullScaleAssault
- players: 8
- length: 20:57
- speed: Fast
- version: 1.24 W3XP
- replay type: Public
» download(131 KB)
Players
team 1 (winner)

»
BRUCEWILLISUSA (
blue | 63 APM | 1328 actions | 20:57)
6 Archmage
3 Blizzard
2 Brilliance Aura
1 Mass Teleport
» actions
| Assign group hotkey | 54 | |
| Basic commands | 14 | |
| Build / train | 109 | |
| ESC pressed | 4 | |
| Enter build submenu | 39 | |
| Enter hero's abilities submenu | 6 | |
| Give item / drop item | 1 | |
| Right click | 405 | |
| Select / deselect | 203 | |
| Select group hotkey | 366 | |
| Use ability | 126 | |
1328 total
» units
| Peasant | 24 | |
| Goblin Shredder | 3 | |
| Flying Machine | 22 | |
49 total
» upgrades
| Masonry | 3 | |
| Gunpowder | 2 | |
| Flak Cannons | 1 | |
| Magic Sentry | 1 | |
| Plating | 1 | |
8 total
» buildings
| Altar of Kings | 1 | |
| Farm | 17 | |
| Lumber Mill | 1 | |
| Scout Tower | 43 | |
| Arcane Tower | 1 | |
| Guard Tower | 21 | |
| Town Hall | 2 | |
| Keep | 2 | |
| Blacksmith | 1 | |
| Arcane Vault | 2 | |
| Castle | 1 | |
| Arcane Sanctum | 1 | |
| Workshop | 4 | |
97 total
» build order
00:25 Altar of Kings
00:35 Farm
00:54 Lumber Mill
01:06 Farm
01:40 Farm
02:01 Farm
02:07 Scout Tower
02:34 Arcane Tower
02:36 Scout Tower
02:55 Scout Tower
03:38 Guard Tower
03:40 Scout Tower
03:43 Scout Tower
03:46 Scout Tower
03:46 Scout Tower
03:48 Scout Tower
04:09 Guard Tower
04:16 Guard Tower
04:31 Scout Tower
04:34 Scout Tower
04:38 Guard Tower
04:38 Guard Tower
04:44 Guard Tower
04:47 Scout Tower
05:16 Scout Tower
05:17 Scout Tower
05:18 Scout Tower
05:18 Scout Tower
05:22 Town Hall
06:09 Scout Tower
06:11 Guard Tower
06:13 Scout Tower
06:14 Scout Tower
06:46 Town Hall
06:58 Guard Tower
07:59 Keep
08:00 Keep
09:00 Guard Tower
09:35 Blacksmith
09:52 Arcane Vault
10:02 Scout Tower
10:03 Scout Tower
10:04 Scout Tower
10:06 Scout Tower
10:07 Scout Tower
10:07 Scout Tower
10:08 Scout Tower
10:23 Scout Tower
10:23 Scout Tower
10:24 Scout Tower
10:25 Scout Tower
10:26 Scout Tower
10:28 Scout Tower
10:29 Scout Tower
10:29 Scout Tower
10:30 Scout Tower
10:31 Scout Tower
10:46 Guard Tower
10:47 Castle
10:48 Guard Tower
11:21 Guard Tower
11:42 Guard Tower
12:05 Farm
12:08 Guard Tower
12:12 Guard Tower
12:16 Arcane Vault
12:43 Guard Tower
12:47 Scout Tower
12:48 Scout Tower
12:49 Scout Tower
12:51 Scout Tower
12:52 Scout Tower
12:53 Scout Tower
12:55 Scout Tower
12:56 Scout Tower
13:08 Guard Tower
13:12 Guard Tower
13:13 Guard Tower
13:23 Guard Tower
13:26 Arcane Sanctum
13:32 Workshop
14:10 Workshop
14:13 Workshop
14:16 Workshop
15:04 Farm
15:08 Guard Tower
15:12 Farm
15:13 Farm
15:14 Farm
15:14 Farm
15:15 Farm
15:16 Farm
15:16 Farm
15:17 Farm
15:39 Farm
16:03 Farm
» items
| Staff of Teleportation | 1 | |
| Boots of Speed | 4 | |
| Scroll of Town Portal | 2 | |
| Potion of Invisibility | 2 | |
| Ivory Tower | 8 | |
| Staff of Sanctuary | 1 | |
| Healing Salve | 1 | |
| Scroll of Speed | 1 | |
20 total
Rayfillet (
purple | 34 APM | 704 actions | 20:57)
7 Keeper of the Grove
2 Force of Nature
3 Entangling Roots
1 Tranquility
1 Thorns Aura
» actions
| Assign group hotkey | 23 | |
| Build / train | 59 | |
| Enter build submenu | 19 | |
| Enter hero's abilities submenu | 8 | |
| Remove unit from queue | 1 | |
| Right click | 246 | |
| Select / deselect | 165 | |
| Select group hotkey | 147 | |
| Use ability | 36 | |
704 total
» units
| Wisp | 16 | |
| Archer | 5 | |
| Hippogryph | 9 | |
| Huntress | 1 | |
| Chimaera | 8 | |
39 total
» upgrades
| Strength of the Wild | 3 | |
| Reinforced Hides | 3 | |
| Corrosive Breath | 1 | |
| Ultravision | 1 | |
8 total
» buildings
| Altar of Elders | 1 | |
| Moon Well | 8 | |
| Ancient of War | 1 | |
| Tree of Ages | 1 | |
| Hunter's Hall | 1 | |
| Tree of Eternity | 1 | |
| Ancient of Wind | 1 | |
| Tree of Life | 1 | |
| Chimaera Roost | 2 | |
| Ancient of Wonders | 1 | |
18 total
» build order
00:10 Altar of Elders
00:21 Moon Well
01:05 Ancient of War
01:26 Moon Well
02:21 Moon Well
03:08 Tree of Ages
03:39 Hunter's Hall
04:29 Moon Well
05:29 Tree of Eternity
05:33 Ancient of Wind
05:39 Tree of Life
07:08 Moon Well
08:02 Chimaera Roost
08:09 Chimaera Roost
11:43 Moon Well
11:54 Moon Well
12:02 Moon Well
12:14 Ancient of Wonders
» items

»
obscenename (
red | 41 APM | 857 actions | 20:57)
5 Blademaster
2 Wind Walk
3 Critical Strike
5 Shadow Hunter
2 Hex
3 Healing Wave
» actions
| Assign group hotkey | 7 | |
| Build / train | 54 | |
| Enter build submenu | 18 | |
| Enter hero's abilities submenu | 10 | |
| Give item / drop item | 6 | |
| Remove unit from queue | 1 | |
| Right click | 258 | |
| Select / deselect | 183 | |
| Select group hotkey | 274 | |
| Use ability | 46 | |
857 total
» units
» upgrades
| Melee Weapons | 3 | |
| Shaman Training | 2 | |
| Armor | 3 | |
| Pulverize | 1 | |
9 total
» buildings
| Orc Burrow | 7 | |
| Altar of Storms | 1 | |
| War Mill | 1 | |
| Stronghold | 1 | |
| Voodoo Lounge | 1 | |
| Fortress | 1 | |
| Spirit Lodge | 1 | |
| Tauren Totem | 2 | |
15 total
» build order
00:15 Orc Burrow
00:24 Altar of Storms
01:26 War Mill
02:04 Stronghold
02:48 Voodoo Lounge
03:33 Orc Burrow
04:28 Fortress
04:38 Orc Burrow
04:55 Spirit Lodge
07:24 Tauren Totem
07:25 Tauren Totem
12:24 Orc Burrow
13:44 Orc Burrow
15:36 Orc Burrow
17:11 Orc Burrow
» items
| Healing Salve | 2 | |
| Lesser Clarity Potion | 3 | |
| Orb of Lightning | 2 | |
| Tiny Great Hall | 1 | |
| Boots of Speed | 1 | |
| Scroll of Protection | 1 | |
| Dust of Appearance | 1 | |
11 total
CormsBrosK (
teal | 28 APM | 595 actions | 20:57)
5 Priestess of the Moon
1 Scout
2 Searing Arrows
2 Trueshot Aura
» actions
| Assign group hotkey | 7 | |
| Build / train | 64 | |
| Enter build submenu | 18 | |
| Enter hero's abilities submenu | 5 | |
| Right click | 271 | |
| Select / deselect | 181 | |
| Select group hotkey | 27 | |
| Use ability | 22 | |
595 total
» units
| Wisp | 16 | |
| Archer | 22 | |
| Druid of the Claw | 8 | |
46 total
» upgrades
| Moon Armor | 2 | |
| Strength of the Moon | 2 | |
| Improved Bows | 1 | |
| Druid of the Claw Training | 2 | |
| Marksmanship | 1 | |
| Strength of the Wild | 1 | |
| Reinforced Hides | 1 | |
10 total
» buildings
| Moon Well | 8 | |
| Altar of Elders | 1 | |
| Ancient of War | 3 | |
| Hunter's Hall | 1 | |
| Tree of Ages | 1 | |
| Ancient Protector | 1 | |
| Ancient of Lore | 2 | |
| Tree of Eternity | 1 | |
18 total
» build order
00:06 Moon Well
00:14 Altar of Elders
00:19 Ancient of War
02:23 Moon Well
02:38 Ancient of War
03:04 Hunter's Hall
03:21 Moon Well
04:31 Tree of Ages
06:20 Moon Well
06:46 Ancient Protector
06:55 Ancient of War
07:44 Ancient of Lore
09:16 Moon Well
10:13 Ancient of Lore
10:24 Moon Well
11:22 Moon Well
12:08 Tree of Eternity
12:34 Moon Well
team 2 (loser)

»
DaiDai (
orange | 98 APM | 1942 actions | 19:53)
4 Warden
2 Shadow Strike
2 Blink
» actions
| Assign group hotkey | 18 | |
| Build / train | 80 | |
| ESC pressed | 1 | |
| Enter build submenu | 26 | |
| Enter hero's abilities submenu | 4 | |
| Give item / drop item | 5 | |
| Right click | 1060 | |
| Select / deselect | 257 | |
| Select group hotkey | 418 | |
| Use ability | 73 | |
1942 total
» units
| Wisp | 32 | |
| Archer | 12 | |
| Druid of the Talon | 3 | |
| Hippogryph | 6 | |
| Chimaera | 4 | |
| Goblin Shredder | 3 | |
60 total
» upgrades
| Strength of the Wild | 1 | |
| Druid of the Talon Training | 1 | |
| Well Spring | 1 | |
| Corrosive Breath | 1 | |
4 total
» buildings
| Altar of Elders | 1 | |
| Moon Well | 9 | |
| Ancient of War | 2 | |
| Hunter's Hall | 1 | |
| Tree of Life | 1 | |
| Ancient Protector | 5 | |
| Tree of Ages | 2 | |
| Ancient of Wonders | 2 | |
| Ancient of Wind | 2 | |
| Tree of Eternity | 2 | |
| Chimaera Roost | 4 | |
31 total
» build order
00:05 Altar of Elders
00:18 Moon Well
00:51 Ancient of War
01:49 Hunter's Hall
02:06 Moon Well
04:10 Tree of Life
04:18 Ancient Protector
04:20 Ancient Protector
05:20 Tree of Ages
05:39 Moon Well
05:43 Moon Well
07:01 Ancient of Wonders
07:06 Ancient of Wonders
09:19 Ancient of Wind
09:56 Ancient of Wind
09:57 Tree of Eternity
09:58 Tree of Eternity
10:45 Ancient of War
12:40 Chimaera Roost
12:41 Chimaera Roost
12:42 Chimaera Roost
12:44 Chimaera Roost
13:24 Moon Well
15:00 Moon Well
15:02 Moon Well
16:56 Moon Well
16:58 Moon Well
18:24 Ancient Protector
18:25 Ancient Protector
18:27 Ancient Protector
» items
| Boots of Speed | 1 | |
| Staff of Teleportation | 1 | |
| Circlet of Nobility | 1 | |
| Lesser Clarity Potion | 1 | |
| Periapt of Vitality | 1 | |
5 total

»
gaybotgaylord (
pink | 38 APM | 795 actions | 20:56)
3 Dreadlord
1 Carrion Swarm
2 Vampiric Aura
1 Death Knight
1 Death Coil
1 Crypt Lord
1 Impale
» actions
| Assign group hotkey | 15 | |
| Basic commands | 17 | |
| Build / train | 83 | |
| Enter build submenu | 25 | |
| Enter hero's abilities submenu | 5 | |
| Give item / drop item | 7 | |
| Remove unit from queue | 6 | |
| Right click | 228 | |
| Select / deselect | 214 | |
| Select group hotkey | 132 | |
| Use ability | 63 | |
795 total
» units
| Acolyte | 17 | |
| Ghoul | 11 | |
| Obsidian Statue | 4 | |
| Goblin Zeppelin | 1 | |
| Crypt Fiend | 1 | |
34 total
» upgrades
| Unholy Strength | 3 | |
| Unholy Armor | 3 | |
| Cannibalize | 1 | |
| Ghoul Frenzy | 1 | |
| Creature Attack | 1 | |
| Creature Carapace | 1 | |
| Burrow | 1 | |
| Web | 1 | |
| Destroyer Form | 1 | |
13 total
» buildings
| Crypt | 2 | |
| Altar of Darkness | 1 | |
| Ziggurat | 14 | |
| Tomb of Relics | 1 | |
| Graveyard | 1 | |
| Halls of the Dead | 1 | |
| Necropolis | 1 | |
| Nerubian Tower | 3 | |
| Spirit Tower | 8 | |
| Black Citadel | 1 | |
| Slaughterhouse | 2 | |
| Sacrificial Pit | 1 | |
36 total
» build order
00:14 Crypt
00:21 Altar of Darkness
00:48 Ziggurat
01:35 Tomb of Relics
01:39 Ziggurat
02:16 Graveyard
02:29 Ziggurat
05:22 Halls of the Dead
08:19 Necropolis
08:23 Ziggurat
08:35 Ziggurat
08:39 Nerubian Tower
08:56 Ziggurat
09:05 Ziggurat
10:30 Spirit Tower
10:31 Nerubian Tower
11:20 Black Citadel
11:26 Spirit Tower
12:44 Ziggurat
13:34 Spirit Tower
14:15 Ziggurat
14:18 Ziggurat
15:15 Spirit Tower
15:17 Spirit Tower
15:25 Slaughterhouse
15:29 Slaughterhouse
15:40 Ziggurat
15:44 Spirit Tower
16:09 Sacrificial Pit
16:13 Spirit Tower
16:18 Ziggurat
16:29 Ziggurat
17:17 Nerubian Tower
17:32 Ziggurat
19:11 Spirit Tower
19:32 Crypt
» items
| Rod of Necromancy | 3 | |
| Sacrificial Skull | 1 | |
| Dust of Appearance | 1 | |
| Periapt of Vitality | 1 | |
| Potion of Lesser Invulnerability | 1 | |
| Boots of Speed | 1 | |
| Orb of Corruption | 1 | |
9 total
TheGreenShadow (
yellow | 34 APM | 686 actions | 20:04)
3 Demon Hunter
2 Mana Burn
1 Evasion
» actions
| Assign group hotkey | 18 | |
| Build / train | 62 | |
| Enter build submenu | 29 | |
| Enter hero's abilities submenu | 3 | |
| Right click | 168 | |
| Select / deselect | 310 | |
| Select group hotkey | 41 | |
| Use ability | 55 | |
686 total
» units
| Wisp | 24 | |
| Huntress | 5 | |
| Chimaera | 5 | |
| Druid of the Talon | 11 | |
45 total
» upgrades
| Sentinel | 1 | |
| Strength of the Wild | 2 | |
| Reinforced Hides | 2 | |
| Well Spring | 1 | |
| Druid of the Talon Training | 2 | |
| Mark of the Talon | 1 | |
| Corrosive Breath | 1 | |
| Nature's Blessing | 1 | |
11 total
» buildings
| Altar of Elders | 1 | |
| Moon Well | 8 | |
| Hunter's Hall | 1 | |
| Ancient of War | 1 | |
| Ancient Protector | 2 | |
| Tree of Life | 3 | |
| Tree of Ages | 1 | |
| Tree of Eternity | 1 | |
| Ancient of Wind | 2 | |
| Chimaera Roost | 4 | |
24 total
» build order
00:12 Altar of Elders
00:18 Moon Well
01:17 Hunter's Hall
01:48 Ancient of War
02:23 Ancient Protector
02:29 Moon Well
02:39 Moon Well
04:20 Tree of Life
05:27 Tree of Life
05:36 Tree of Ages
06:11 Moon Well
06:16 Moon Well
07:16 Moon Well
08:03 Tree of Eternity
08:07 Ancient of Wind
08:43 Ancient Protector
09:32 Tree of Life
10:48 Chimaera Roost
10:51 Chimaera Roost
10:56 Chimaera Roost
12:17 Chimaera Roost
12:24 Moon Well
13:29 Ancient of Wind
18:16 Moon Well

»
beastmaster81 (
green | 27 APM | 542 actions | 19:50)
3 Shadow Hunter
1 Healing Wave
2 Serpent Ward
2 Beastmaster
1 Summon Bear
1 Summon Hawk
» actions
| Basic commands | 29 | |
| Build / train | 76 | |
| Enter build submenu | 21 | |
| Enter hero's abilities submenu | 5 | |
| Give item / drop item | 1 | |
| Right click | 161 | |
| Select / deselect | 202 | |
| Use ability | 47 | |
542 total
» units
| Peon | 23 | |
| Grunt | 9 | |
| Troll Headhunter/Berserker | 10 | |
| Shaman | 12 | |
| Demolisher | 4 | |
| Wind Rider | 1 | |
59 total
» upgrades
| Melee Weapons | 1 | |
| Ranged Weapons | 1 | |
| Spiked Barricades | 1 | |
| Burning Oil | 1 | |
| Berserker Upgrade | 1 | |
5 total
» buildings
| Altar of Storms | 1 | |
| Orc Burrow | 6 | |
| Barracks | 1 | |
| War Mill | 1 | |
| Voodoo Lounge | 2 | |
| Stronghold | 1 | |
| Spirit Lodge | 2 | |
| Beastiary | 1 | |
| Great Hall | 3 | |
| Fortress | 1 | |
19 total
» build order
00:05 Altar of Storms
00:43 Orc Burrow
01:06 Barracks
01:30 War Mill
01:44 Orc Burrow
02:06 Orc Burrow
03:02 Voodoo Lounge
03:17 Orc Burrow
03:34 Stronghold
04:51 Orc Burrow
05:56 Voodoo Lounge
07:03 Spirit Lodge
07:12 Spirit Lodge
10:13 Beastiary
10:49 Great Hall
11:05 Great Hall
11:18 Fortress
17:31 Great Hall
18:17 Orc Burrow
» items
| Potion of Healing | 2 | |
| Potion of Mana | 1 | |
3 total
Chat log
(00:16 / Allies) Rayfillet: hippos
(00:17 / Allies) Rayfillet: chims
(00:27 / Allies) obscenename: tauren
(06:39 / All) gaybotgaylord: i rush!
(07:17 / All) gaybotgaylord: rush win!
(10:57 / Allies) Rayfillet: chims reayd
(11:24 / Allies) Rayfillet: well i guess with blues take on things
(11:27 / Allies) Rayfillet: we wait to be attacked
(11:33 / Allies) BRUCEWILLISUSA: no
(11:34 / Allies) BRUCEWILLISUSA: go hit and run
(11:37 / Allies) BRUCEWILLISUSA: kill a hall then tp out
(12:05 / Allies) obscenename: build a shop by those towers
(12:28 / All) DaiDai: hex..idiot omg
(12:34 / All) BRUCEWILLISUSA: put this game in one of your youtubes, mexican
(12:38 / All) BRUCEWILLISUSA: show the world how twoer mass owned u
(12:50 / All) DaiDai: fuck ur mom
(13:13 / Allies) BRUCEWILLISUSA: guys
(13:15 / Allies) BRUCEWILLISUSA: get tier 3
(13:16 / Allies) BRUCEWILLISUSA: chimeras
(13:17 / Allies) BRUCEWILLISUSA: bears
(13:18 / Allies) BRUCEWILLISUSA: tanks
(13:20 / Allies) BRUCEWILLISUSA: not archers
(13:26 / Allies) Rayfillet: you have towers
(13:33 / Allies) BRUCEWILLISUSA: i mass gyros now
(13:34 / Allies) BRUCEWILLISUSA: for aa
(13:38 / Allies) BRUCEWILLISUSA: i have no wood tho
(13:58 / All) DaiDai: this team is fucking deaf
(14:05 / All) BRUCEWILLISUSA: try speaking mexican
(14:45 / All) DaiDai: totally idiots...
(14:48 / All) BRUCEWILLISUSA: noob beaner
(14:50 / All) BRUCEWILLISUSA: put this in a youtube
(14:55 / All) DaiDai: fucking noob team
(15:00 / All) BRUCEWILLISUSA: noob beaner
(15:06 / All) DaiDai: ur mom lol
(15:07 / All) DaiDai: loser
(15:40 / Allies) obscenename: lets meet
(15:44 / Allies) obscenename: they have a bser
(15:51 / Allies) BRUCEWILLISUSA: no they dont
(15:55 / Allies) obscenename: omw
(16:04 / Allies) obscenename: pink
(16:11 / Allies) BRUCEWILLISUSA: i massing aa now
(16:37 / Allies) BRUCEWILLISUSA: ew you tped?
(16:38 / All) DaiDai: run idiot
(16:46 / All) BRUCEWILLISUSA: beaner
(16:48 / Allies) Rayfillet: yea.. i had me and your hero
(17:07 / Allies) BRUCEWILLISUSA: meet all
(17:10 / Allies) BRUCEWILLISUSA: this time wait till all there
(17:16 / Allies) BRUCEWILLISUSA: gold pls for more gyros
(17:26 / Allies) BRUCEWILLISUSA: obscene name u have some spare gold i see...
(17:33 / Allies) BRUCEWILLISUSA: ty
(17:44 / Allies) obscenename: lets walk
(17:47 / Allies) BRUCEWILLISUSA: yeah lets go
(17:48 / Allies) BRUCEWILLISUSA: we got this
(18:05 / Allies) obscenename: don't set rally to me
(18:09 / Allies) BRUCEWILLISUSA: gogogogo
(18:15 / Allies) BRUCEWILLISUSA: taurens
(18:16 / Allies) BRUCEWILLISUSA: lead the way
(18:17 / Allies) BRUCEWILLISUSA: u r strongest
(18:56 / All) DaiDai: PAThetic team
(19:01 / All) BRUCEWILLISUSA: beaner
(19:03 / All) BRUCEWILLISUSA: mexican
(19:07 / All) DaiDai: ur mom
(19:10 / All) BRUCEWILLISUSA: my mom is american
(19:13 / All) BRUCEWILLISUSA: USA NUMBER ONE
(19:21 / All) DaiDai: ur country blows
(19:25 / All) BRUCEWILLISUSA: thsi game is american
(19:28 / All) BRUCEWILLISUSA: go play siomething emxican
(19:33 / All) DaiDai: haha u suck
(19:52 / All) DaiDai: gg team blows..more blue and his fagget towers
(19:57 / All) obscenename: gg
(20:09 / All) gaybotgaylord: what?
(20:13 / All) BRUCEWILLISUSA: hes a mexican
(20:14 / All) obscenename: there's an o in faggot
(20:16 / All) BRUCEWILLISUSA: i told you to backstab him
(20:17 / All) BRUCEWILLISUSA: at the start
(20:19 / All) BRUCEWILLISUSA: why didnt you?
(20:44 / All) gaybotgaylord: he backstabbed himself?